 Dungeon Crawl Stone Soup version 0.26-a0-778-g3fe0686644 (console) character file.

Game seed: 13337753215467612228

127 jejorda2 the Stinger (level 5, -2/39 HPs)
             Began as a Merfolk Venom Mage on Nov 11, 2020.
             Slain by an orc
             ... wielding a +0 trident
              (7 damage)
             ... on level 2 of the Dungeon.
             The game lasted 00:08:50 (2901 turns).

jejorda2 the Stinger (Merfolk Venom Mage)           Turns: 2901, Time: 00:08:50

Health: -2/39      AC:  5    Str: 10    XL:     5   Next: 11%
Magic:  3/8        EV: 12    Int: 14    God:
Gold:   31         SH:  0    Dex: 14    Spells: 3/9 levels left

rFire    . . .     SeeInvis .   a - +0 spear
rCold    + . .     Faith    .   (no shield)
rNeg     . . .     Spirit   .   k - +0 leather armour
rPois    .         Reflect  .   m - +1 helmet
rElec    .         Harm     .   (no cloak)
rCorr    .         Rampage  .   (no gloves)
MR       .....                  (no boots)
Stlth    ++........             j - amulet of the acrobat
HPRegen  0.13/turn              i - ring of protection from cold
MPRegen  0.11/turn              (no ring)

@: very slightly contaminated
A: change form in water, swift swim, stealthy swim
a: no special abilities


You were on level 2 of the Dungeon.
You visited 1 branch of the dungeon, and saw 2 of its levels.

You collected 31 gold pieces.

Inventory:

Hand Weapons
 a - a +0 spear (weapon)
 d - a +0 dagger
Missiles
 b - 174 stones (quivered)
Armour
 k - a +0 leather armour (worn)
 m - a +1 helmet (worn)
Jewellery
 i - a ring of protection from cold (left hand)
 j - an amulet of the acrobat (around neck)
Scrolls
 c - a scroll of remove curse {unknown}
 f - a scroll of magic mapping {unknown}
 h - 2 scrolls of identify {unknown}
 l - a scroll of random uselessness {unknown}
Potions
 e - a potion of attraction {unknown}
 g - 3 potions of curing {unknown}


   Skills:
 * Level 2.7 Fighting
 + Level 1.8 Polearms
 - Level 2.6 Dodging
 - Level 2.1 Stealth
 + Level 2.5 Spellcasting
 + Level 0.7 Conjurations
 - Level 2.0 Transmutations
 + Level 1.0 Air Magic
 + Level 3.8 Poison Magic


You had 3 spell levels left.
You knew the following spells:

 Your Spells              Type           Power        Failure   Level
a - Sting                 Tmut/Pois      #...         10%         1
b - Poisonous Vapours     Pois/Air       #.....       17%         2
c - Mephitic Cloud        Conj/Pois/Air  #.......     38%         3

Your spell library contained the following spells:

 Spells                   Type           Power        Failure   Level
 Ignite Poison            Fire/Tmut/Pois #.......     38%         3
 Olgreb's Toxic Radiance  Pois           ##......     54%         4


Dungeon Overview and Level Annotations

Branches:
Dungeon (2/15)

Altars:
Kikubaaqudgha
Makhleb
Xom


Message History

Casting: Poisonous Vapours (safe; 17% risk of failure)
Confirm with . or Enter, or press ? or * to list all spells.
Aiming: Poisonous Vapours (safe; 17% risk of failure)
Press: ? - help, Dir - move target cursor, f - orc wizard
Aim: an orc wizard, wielding a +0 dagger and wearing a +0 robe You miscast Poisonous Vapours.
You are very lightly contaminated with residual magic.
Nothing appears to happen.
The orc wizard hits you but does no damage.
The orc hits you but does no damage.
You hit the orc wizard but do no damage.
The orc wizard hits you but does no damage.
The orc hits you from afar with a +0 trident.
The orc wizard casts a spell.
The orc wizard blinks!
The orc hits you with a +0 trident!
* * * LOW HITPOINT WARNING * * *
Items here: )) [[ ††.
You hit the orc but do no damage. The orc hits you with a +0 trident!
You die...

#...(.#.#
.....#.#.#.
#.........
#...#.###
#o#.#...#
#.#.#...#
#.#.#...#
##########.......#
#......@o.o..#..##
###
###.######...#..#
#.. #.#.#..# #..
#.#.#..# ###..
#.#.#..# #.'..
#.#.#..####.'..
#.#.#.......#..
#...#.#######.. #.
#.###.# #..


You could see an orc wizard and an orc.

Vanquished Creatures
  An orc wizard (D:2)
  2 adders (D:2)
  3 gnolls (D:1)
  3 dart slugs
  2 leopard geckos
  An orc (D:2)
  4 giant cockroaches
  5 goblins
  3 hobgoblins
  4 jackals (D:1)
  5 bats
  3 frilled lizards
  7 kobolds
  6 rats
49 creatures vanquished.

Notes
Turn   | Place    | Note
-------+----------+-------------------------------------------
     0 | D:1      | jejorda2 the Merfolk Venom Mage began the quest for the
                  | Orb.
     0 | D:1      | Reached XP level 1. HP: 13/13 MP: 3/3
   519 | D:1      | Reached XP level 2. HP: 19/20 MP: 0/5
   533 | D:1      | Reached skill level 1 in Fighting
   537 | D:1      | Learned a level 2 spell: Poisonous Vapours
  1027 | D:1      | Reached XP level 3. HP: 21/26 MP: 1/6
  1135 | D:1      | Learned a level 3 spell: Mephitic Cloud
  1904 | D:1      | Reached XP level 4. HP: 33/33 MP: 2/7
  1959 | D:1      | Reached skill level 1 in Polearms
  2206 | D:2      | Found a burning altar of Makhleb.
  2206 | D:2      | Found a shimmering altar of Xom.
  2238 | D:2      | Found an ancient bone altar of Kikubaaqudgha.
  2894 | D:2      | Reached skill level 1 in Air Magic
  2894 | D:2      | Reached XP level 5. HP: 22/39 MP: 4/8
  2901 | D:2      | Slain by an orc

Illustrated notes

Levels and vault maps discovered:
D:1:      ncdulo_watergridlock, layout_basic, minmay_heptomino_w4
D:2:      layout_basic, old_standard_altar, gammafunk_temple_overflow_statue,
          kennysheep_generic_room_6

Skill      XL: |  1  2  3  4 |
---------------+-------------+-----
Fighting       | 1 2 |  2.7
Transmutations | 2 |  2.0
Polearms       | 1 |  1.8
Air Magic      | 1 |  1.0
Dodging        | |  2.6
Stealth        | |  2.1
Spellcasting   | |  2.5
Conjurations   | |  0.7
Poison Magic   | |  3.8

Action                   |  1- 3 |  4- 6 || total
-------------------------+-------+-------++-------
Melee: Dagger            |    26 |       ||    26
       Spear             |    12 |    62 ||    74
Throw: Stone             |    38 |       ||    38
 Cast: Sting             |    54 |    15 ||    69
       Poisonous Vapours |       |     1 ||     1
 Stab: Sleeping          |     1 |     1 ||     2
Armor: Robe              |     7 |       ||     7
       Leather armour    |     3 |    20 ||    23
Dodge: Dodged            |    42 |    57 ||    99

Table legend: (Time is in decaauts)
 A = Elapsed time spent in this place.
 B = Non-inter-level travel time spent in this place.
 C = Inter-level travel time spent in this place.
 D = Time resting spent in this place.
 E = Time spent auto-exploring this place.
 F = Levels seen in this place.
 G = Mean time per level.
                   A        B        C        D        E       F      G
               +--------+--------+--------+--------+--------+-----+--------+
         Total |   2900 |   2884 |     16 |    202 |   2114 |   2 | 1450.0 |
       Dungeon |   2900 |   2884 |     16 |    202 |   2114 |   2 | 1450.0 |
               +--------+--------+--------+--------+--------+-----+--------+

Top non-repeatable levels by time:
     D:1: 1868 daAuts
     D:2: 1031 daAuts
